 Dungeon Crawl Stone Soup version bcrawl-1.40.3b (webtiles) character file.

Game seed: 15232867436626233679

117642 petercordia the Cudgeler (level 3, -3/30 HPs)
             Began as an Oni Skald on Feb 7, 2024.
             Killed from afar by Sigmund (13 damage)
             ... with a wand of flame (9)
             ... on level 2 of the Dungeon.
             The game lasted 00:04:06 (1551 turns).

petercordia the Cudgeler (Oni Skald)                Turns: 1551, Time: 00:04:07

Health: -3/30      AC:  3    Str: 15    XL:     3   Next: 95%
Magic:  8/8        EV:  6    Int: 14    God:
Gold:   63         SH:  7    Dex: 10    Spells: 2/7 levels left

rFire    . . .     GDR:     23% a - +0 flail
rCold    . . .     SeeInvis .   l - +0 medium shield
rNeg     + . .     Gourm    .   b - +0 leather armour
rPois    +         Faith    .   (helmet restricted)
rElec    .         Spirit   .   (no cloak)
rCorr    .         Reflect  .   (no gloves)
MR       .....                  (no boots)
Stlth    +.........             d - amulet of magic regeneration
HPRegen  0.15/turn              c - ring of poison resistance
MPRegen  0.19/turn              m - ring of positive energy

@: no status effects
A: oni magic, claws 1, fangs 1, horns 1
a: no special abilities


You were on level 2 of the Dungeon.
You were not hungry.

You visited 1 branch of the dungeon, and saw 2 of its levels.

You collected 63 gold pieces.

Inventory:

Hand Weapons
 a - a +0 flail (weapon)
Missiles
 g - 968 stones (quivered)
Armour
 b - a +0 leather armour (worn)
 l - a +0 medium shield (worn)
 u - a +0 cloak
Jewellery
 c - a ring of poison resistance (left claw)
 d - an amulet of magic regeneration (around neck)
 m - a ring of positive energy (right claw)
Scrolls
 f - a scroll of fear
 h - 2 scrolls of blinking {unknown}
 i - a scroll of identify
 o - a scroll of immolation {unknown}
 p - 3 scrolls of enchant armour {unknown}
 r - a scroll of remove curse {unknown}
Potions
 j - a potion of brilliance {unknown}
 k - a potion of curing {unknown}
 n - 2 potions of cancellation {unknown}
 q - 2 potions of flight {unknown}
 s - a potion of heal wounds {unknown}
 t - a potion of mutation {unknown}
Comestibles
 e - 9 rations {!d}


   Skills:
 + Level 2.4 Fighting
 * Level 3.1 Maces & Flails
 + Level 1.4 Armour
 + Level 2.0 Dodging
 * Level 0.7 Shields
 - Level 2.5 Spellcasting
   Level 2.5 Conjurations
   Level 2.5 Hexes
   Level 2.5 Charms
   Level 2.5 Summonings
   Level 2.5 Necromancy
   Level 2.5 Translocations
   Level 2.5 Transmutations
   Level 2.5 Fire Magic
   Level 2.5 Ice Magic
   Level 2.5 Air Magic
   Level 2.5 Earth Magic
   Level 2.5 Poison Magic


You had 2 spell levels left.
You knew the following spells:

 Your Spells              Type           Power        Failure   Level  Hunger
a - Infusion              Chrm           ##......     97%         1    None
b - Song of Slaying       Chrm           ##......     99%         2    ##.....
S - Swiftness             Chrm/Air       #.......     99%         2    ##.....

Your spell library contained the following spells:

 Spells                   Type           Power        Failure   Level  Hunger
 Searing Ray              Conj           ##......     99%         2    ##.....
 Ozocubu's Armour         Chrm/Ice       #.......     100%        3    ####...
 Regeneration             Chrm/Necr      #.........   100%        3    ####...
 Spectral Weapon          Hex/Chrm       #.......     100%        3    ####...


Dungeon Overview and Level Annotations

Branches:
Dungeon (2/12)

Altars:

Annotations:
D:2 Sigmund


Innate Abilities, Weirdness & Mutations

You learn spells by gaining experience, not through books or religion.
You only train spellcasting to practice magic.
You have sharp fingernails.
You have very sharp teeth.
You have a pair of small horns on your head.


Message History

u - a cloak Sigmund hits you but does no damage.
Sigmund casts a spell.
Sigmund flickers and vanishes!
You hear a zap.
A puff of flame appears from out of thin air!
The puff of flame hits you but does no damage.
A magic dart appears from out of thin air!
The magic dart hits you!
You hear a zap.
A puff of flame appears from out of thin air!
The puff of flame hits you.
You hear a zap.
A puff of flame appears from out of thin air!
The puff of flame hits you!
* * * LOW HITPOINT WARNING * * *
You hear a zap.
A puff of flame appears from out of thin air!
The puff of flame hits you!
You die...

#.##.........# #...#
#.##.#.......# ###.#
###.##.##.####.# #.#
.....#.##......# #.#
.###.#.######### ##.##### # .#
#@#........# #....♣.♣### # .#
#.#...##.#.## #......##.## #
##
#)#...{.....####.###♣.♣...####
#........#...@...# #........##
####..##.#.#####.###♣.♣.....(.
#..#....# #......##..>.## ##
#.......# #....♣.♣###### .#
####...## ###.##.# .# #...#
#.##.# .# #...# #.##.# ######
.# #...# #.##.# #.....
.#########...########:...#
#.....


There were no monsters in sight!

Vanquished Creatures
  A worm (D:1)
  2 dart slugs (D:2)
  4 leopard geckos
  A giant cockroach (D:2)
  9 goblins
  5 hobgoblins
  2 jackals (D:1)
  8 bats
  3 frilled lizards (D:1)
  4 kobolds
  5 rats
44 creatures vanquished.

Vanquished Creatures (others)
  A plant (D:2)
1 creature vanquished.

Grand Total: 45 creatures vanquished

Notes
Turn   | Place    | Note
-------+----------+-------------------------------------------
     0 | D:1      | petercordia the Oni Skald began the quest for the Orb.
     0 | D:1      | Reached XP level 1. HP: 17/17 MP: 5/5
    40 | D:1      | Reached skill level 1 in Armour
   129 | D:1      | Reached XP level 2. HP: 24/24 MP: 4/7
   244 | D:1      | Learned a level 2 spell: Song of Slaying
   247 | D:1      | Learned a level 2 spell: Swiftness
   307 | D:1      | Reached XP level 3. HP: 10/29 MP: 5/8
   852 | D:2      | Reached skill level 3 in Maces & Flails
  1434 | D:2      | Noticed Sigmund
  1551 | D:2      | Killed from afar by Sigmund

Skill      XL: |  1  2  3 |
---------------+----------+-----
Armour         | 1 |  1.4
Dodging        | 2 |  2.0
Maces & Flails | 3 |  3.1
Fighting       | |  2.4
Shields        | |  0.7
Spellcasting   | |  2.5
Conjurations   | |  2.5
Hexes          | |  2.5
Charms         | |  2.5
Summonings     | |  2.5
Necromancy     | |  2.5
Translocations | |  2.5
Transmutations | |  2.5
Fire Magic     | |  2.5
Ice Magic      | |  2.5
Air Magic      | |  2.5
Earth Magic    | |  2.5
Poison Magic   | |  2.5

Action                   || total
-------------------------++-------
Melee: Flail             ||   129
       Headbutt          ||    17
       Bite              ||     8
 Cast: Infusion          ||    10
  Eat: Chunk             ||     7
Armor: Leather armour    ||    52
Dodge: Dodged            ||    59
Block: Medium shield     ||    24
